 Dungeon Crawl Stone Soup version 0.30-a0-760-g5a9884bb7c (webtiles) character file.

Game seed: 17233120018420825071

75579 dolemite99 the Agent of Entropy (level 15, -2/166 HPs)
             Began as a Djinni Fire Elementalist on Feb 11, 2023.
             Was a Priest of Lugonu.
             Slain by Azrael
             ... wielding a +3 scimitar of flaming
              (11 damage)
             ... on level 14 of the Dungeon.
             The game lasted 01:28:51 (50698 turns).

dolemite99 the Agent of Entropy (DjFE)             Turns: 50698, Time: 01:28:52

Health: -2/166     AC: 12    Str:  7    XL:     15   Next: 98%
Gold:   132        EV: 15    Int: 23    God:    Lugonu [***...] SH:  0 Dex: 15

rFire   + + .      SeeInvis +      - Blade Hands
rCold   . . .      Faith    +    (shield currently unavailable)
rNeg    . . .      Spirit   .    P - +2 robe {Archmagi}
rPois   ∞          Reflect  .    n - +0 helmet of Feecott {rC+}
rElec   .          Harm     .    T - +2 cloak
rCorr   .          Rampage  .    (gloves currently unavailable)
Will    +....      Archmagi +    (boots unavailable) Stlth
                                 A - amulet of faith
HPRegen 0.47/turn                z - ring of see invisible
MPRegen 0.00/turn                t - +4 ring of protection

@: mighty, berserking, blade hands, flying, studying Invocations, invisible,
very quick
A: flying, sickness immunity, fire resistance 2, cold vulnerability 1, float,
innate caster, HP casting, extra vitality 1
a: End Transformation, Renounce Religion, Depart the Abyss, Banish


You were on level 14 of the Dungeon.
You worshipped Lugonu.
Lugonu was most pleased with you.
You had blades for hands.
You visited 3 branches of the dungeon, and saw 21 of its levels.
You also visited: Ossuary.

You collected 3373 gold pieces.
You spent 3241 gold pieces at shops.

Inventory:

Hand Weapons
 a - a +5 scimitar of freezing (melded)
 d - a +4 scimitar
 j - a +4 morningstar
 m - a +2 scimitar of flaming
 G - a +2 rapier of venom
Missiles
 e - 19 poisoned darts
 f - 2 curare-tipped darts
 h - 5 silver javelins
 i - 3 javelins (quivered)
 r - 4 atropa-tipped darts
 M - 7 boomerangs
Armour
 n - the +0 helmet of Feecott (worn) {rC+}
   (You acquired it on level 3 of the Lair of Beasts)

   rC:        It protects you from cold.
 B - a +2 ring mail of cold resistance
 D - a +0 kite shield (melded)
 E - a +2 pair of gloves (melded)
 P - a +2 robe of the Archmagi (worn)
 Q - a +1 leather armour of willpower
 T - a +2 cloak (worn)
Jewellery
 c - a ring of wizardry
 q - a ring of willpower
 t - a +4 ring of protection (right blade hand)
 z - a ring of see invisible (left blade hand)
 A - an amulet of faith (around neck)
 O - a ring of protection from cold
 W - a ring of protection from cold
Wands
 x - a wand of digging (6)
 C - a wand of roots (5)
 N - a wand of paralysis (9)
 U - a wand of polymorph (6)
 Z - a wand of acid (3)
Scrolls
 o - a scroll of blinking
 p - 2 scrolls of silence
 v - 3 scrolls of vulnerability
 w - 7 scrolls of identify {@r1}
 H - 5 scrolls of teleportation
 L - 3 scrolls of magic mapping
Potions
 b - a potion of magic
 g - 2 potions of resistance
 k - 2 potions of might
 l - 2 potions of ambrosia
 u - 6 potions of curing
 I - 3 potions of mutation
 J - 2 potions of attraction
 K - 3 potions of lignification
 S - 3 potions of brilliance
 V - a potion of cancellation
 X - 2 potions of degeneration
Miscellaneous
 s - a phial of floods
 y - a phantom mirror


   Skills:
 - Level 11.6 Fighting
 - Level 6.1 Long Blades
 - Level 5.0 Throwing
 - Level 4.0 Armour
 + Level 7.5 Dodging
 - Level 1.5 Stealth
 - Level 9.0 Shields
 - Level 12.3 Spellcasting
 - Level 12.7 Invocations
 - Level 6.1 Evocations


You had one spell level left.
You knew the following spells:

 Your Spells              Type           Power      Damage    Failure   Level
a - Anguish               Hex/Necr       41%        N/A       10%         4
b - Flame Wave            Conj/Fire      82%        2d18      10%         4
c - Scorch                Fire           100%       2d10      5%          2
d - Starburst             Conj/Fire      41%        6d12      30%         6
e - Inner Flame           Hex/Fire       82%        N/A       7%          3
f - Foxfire               Conj/Fire      100%       2x1d9     4%          1
g - Ensorcelled Hibernat  Hex/Ice        100%       N/A       5%          2
h - Passwall              Tmut/Erth      68%        N/A       5%          2
i - Kindle Blastsparks    Fire/Tloc/Air  100%       2d18      7%          3
j - Passage of Golubria   Tloc           82%        N/A       10%         4
k - Blade Hands           Tmut           41%        N/A       14%         5
l - Freeze                Ice            100%       1d10      4%          1
Your spell library was empty.

Dungeon Overview and Level Annotations

Branches:
Dungeon (14/15)            Temple (0/1) D:6            Lair (5/5) D:11
  Swamp (0/4) Lair:2       Spider (0/4) Lair:3        Slime (0/5) Lair:5
    Orc (2/2) D:10            Elf (0/3) Orc:2        Vaults (0/5) D:13
Ossuary (visited)

Altars:
Makhleb
Okawaru
Qazlal
Trog
Wu Jian
Xom
Jiyva
Lugonu

Shops:
D:1 :   D:4 [   D:5 *   D:10 [   Orc:2 !!:*[*!

Portals:
Trove: D:10 (give horn of Geryon)

Annotations:
D:9 1 runed translucent door, olddryhag's ghost, journeyman DrTm
D:14 Azrael
Lair:4 corrupted
Lair:5 corrupted
Orc:2 corrupted


Innate Abilities, Weirdness & Mutations

You have blades for hands.
You are flying.
Your spellcasting is less reliable in this form.
You are incapable of wielding weapons or throwing items.
You are immune to sickness and miasma.
You are immune to poison.
Your flesh is very heat resistant. (rF++)
You are vulnerable to cold. (rC-)
You float through the air rather than walking.
You learn spells naturally, not from books.
Your magical power is your life essence.
You have superior vitality. (+4 MHP)


Message History

Azrael hits you with a +3 scimitar of flaming!
Azrael burns you.
You slash Azrael!
Azrael is heavily wounded.
The fire elemental barely misses you. Azrael misses you.
The fire elemental closely misses you.
You hit Azrael.
Azrael is heavily wounded.
The fire elemental barely misses you. Azrael barely misses you.
You hit Azrael but do no damage.
Azrael is heavily wounded.
The fire elemental hits you. The fire elemental burns you! You resist.
Azrael closely misses you.
You slash Azrael!
Azrael is severely wounded.
The fire elemental hits you. The fire elemental burns you! You resist.
* * * LOW HITPOINT WARNING * * *
Azrael gestures at you.
The sphere of damnation explodes!
The damnation engulfs you!!
* * * LOW HITPOINT WARNING * * *
The damnation engulfs the fire elemental!!!
The fire elemental is destroyed!
The damnation engulfs Azrael.
Azrael completely resists.
A red film seems to cover your vision as you go berserk!
You feel yourself moving faster!
You feel mighty!
Azrael is momentarily hidden by a cloud of flames.
Azrael hits you with a +3 scimitar of flaming.
* * * LOW HITPOINT WARNING * * *
You slash Azrael!
Azrael is severely wounded.
Azrael closely misses you.
You hit Azrael but do no damage.
Azrael is severely wounded.
You hit Azrael.
Azrael is almost dead.
Azrael completely misses you.
You slash Azrael!
Azrael is almost dead.
Azrael hits you with a +3 scimitar of flaming!
You die...

#. #.# #.# #.#
###.# ...#
#.######## .#
#.@REEEE.. #.#
#.######## #.#
#.# #.# #.# #E#
#.# #.# #h# #.#
#.# #.# #####.#
#.# #.#
......#########.#
#.#
#####<........†.#
#.#######


You could see Azrael (unable to see you) and 4 fire elementals.

Vanquished Creatures
  Kirke (D:13)
  An orc warlord (Orc:1)
  A dire elephant (Lair:5)
  Josephine (D:13)
  A hydra (D:14)
  An ogre mage (Orc:1)
  A deep troll shaman (Lair:5)
  A catoblepas (Lair:5)
  A centaur warrior (D:13)
  2 two-headed ogres (D:12)
  A boulder beetle (D:12)
  5 death yaks (Lair:5)
  An orc high priest (Orc:1)
  A skeletal warrior (D:13)
  The ghost of billz999 the Spear-Bearer, a novice GnRe of Kikubaaqudgha (D:8)
  A skyshark (Lair:4)
  A glowing orange brain (Lair:3)
  Pikel (D:6)
  An orc knight (D:13)
  A wolf spider (D:14)
  2 cyclopes
  3 deep elf pyromancers
  A manticore (D:12)
  2 ugly things
  11 elephants (Lair:5)
  A gargoyle (D:12)
  2 torpor snails
  6 cane toads
  3 yaktaurs (D:13)
  A rime drake (Lair:5)
  7 komodo dragons
  A freezing wraith (D:14)
  An unseen horror (D:11)
  A hornet (D:8)
  A troll (D:13)
  A polar bear (Lair:5)
  7 blink frogs
  2 dream sheep (Lair:5)
  The ghost of Hubris850 the Insei, an amateur OpTm (D:3)
  3 shadows
  23 yaks
  7 wraiths
  A human (D:13)
  3 wyverns
  2 hogs (D:13)
  3 basilisks
  3 steam dragons
  Edmund (D:4)
  A warg (Orc:1)
  3 acid dragons
  A hell hound (D:14)
  14 two-headed ogre zombies (Orc:1)
  10 water moccasins
  3 black bears
  24 orc warriors
  A hornet zombie (Ossuary)
  6 ogres
  8 wolves
  13 centaurs
  A phantom (D:6)
  A lemure (D:6)
  8 bullfrogs
  7 kobold brigands
  A necrophage (D:6)
  7 scorpions
  A gnoll sergeant (D:8)
  3 water moccasin zombies (Ossuary)
  16 wights
  13 killer bees
  2 howler monkeys
  9 bullfrog zombies
  2 centaur zombies (Ossuary)
  A jelly (Lair:5)
  3 hounds
  5 centaur skeletons
  A gnoll bouda (D:7)
  8 orc priests
  6 iguanas
  13 mummies
  12 orc wizards
  2 hell rats (Lair:5)
  3 killer bee zombies
  4 howler monkey zombies (Ossuary)
  9 adders
  19 gnolls
  7 river rats (Lair:5)
  A white imp (D:5)
  3 dart slugs
  51 orcs
  8 bats
  11 endoplasms
  3 giant cockroaches
  5 goblins
  9 hobgoblins
  4 jackals
  4 quokkas
  10 ball pythons
  2 frilled lizards (D:1)
  20 kobolds
  3 rats
507 creatures vanquished.

Vanquished Creatures (others)
  An orc warlord (Orc:2)
  A hydra (Lair:5)
  An orc high priest (Orc:2)
  3 elephants (Lair:5)
  A black mamba (Lair:1)
  3 cane toads
  A komodo dragon (D:11)
  Maggie (D:10)
  A tengu conjurer (D:9)
  A polar bear (Lair:5)
  3 trolls (Orc:2)
  9 blink frogs
  2 yaks
  A fire elemental (D:14)
  A warg (Orc:2)
  7 orc warriors
  A black bear (D:6)
  2 bullfrogs
  A gnoll sergeant (D:9)
  An electric eel (Orc:1)
  3 jellies (Lair:5)
  2 orc priests (Orc:2)
  4 orc wizards (Orc:2)
  A gnoll (D:9)
  12 orcs (Orc:2)
  An endoplasm (Lair:5)
  A bush (Lair:4)
  806 foxfires
  50 fungi
  57 plants
  7 starspawn tentacles
  6 withered plants (Ossuary)
992 creatures vanquished.

Grand Total: 1499 creatures vanquished

Notes
Turn   | Place    | Note
-------+----------+-------------------------------------------
     0 | D:1      | dolemite99 the Djinni Fire Elementalist began the quest for
                  | the Orb.
     0 | D:1      | dolemite99 set off with the following spells memorised:
                  | Foxfire, Scorch, Kindle Blastsparks, Inner Flame, Flame
                  | Wave.
     0 | D:1      | Reached XP level 1. HP: 15/15 MP: 0/0
     6 | D:1      | Noticed a five-headed hydra
     7 | D:1      | Noticed a redback
     7 | D:1      | Noticed a black bear
    65 | D:1      | Reached XP level 2. HP: 21/21 MP: 0/0
   220 | D:1      | Found a faded altar of an unknown god.
   223 | D:1      | Prayed at the altar of an unknown god.
   223 | D:1      | Became a worshipper of Lugonu the Unformed
   223 | D:1      | Reached * piety under Lugonu
   313 | D:1      | Found Wautrynk's Vocational Training.
   333 | D:1      | Reached XP level 3. HP: 25/25 MP: 0/0
   333 | D:1      | Learned a level 1 spell: Freeze
   837 | D:2      | Reached ** piety under Lugonu
  1019 | D:2      | Reached XP level 4. HP: 31/31 MP: 0/0
  2004 | D:3      | Found a transporter.
  2193 | D:3      | Found a transporter.
  2195 | D:3      | Noticed Hubris850's ghost (amateur OpTm)
  2363 | D:3      | Found a burning altar of Makhleb.
  2464 | D:3      | Found a stormy altar of Qazlal.
  2817 | D:4      | Reached XP level 5. HP: 34/35 MP: 0/0
  2817 | D:4      | Learned a level 2 spell: Ensorcelled Hibernation
  2855 | D:4      | Found Dosaumau's Antique Armour Emporium.
  2981 | D:4      | Reached XP level 6. HP: 26/40 MP: 0/0
  3042 | D:4      | Found an iron altar of Okawaru.
  3080 | D:4      | Reached skill level 5 in Spellcasting
  3155 | D:4      | Found a sand-covered staircase.
  3160 | Ossuary  | Entered an ossuary
  3187 | Ossuary  | Reached XP level 7. HP: 36/45 MP: 0/0
  3187 | Ossuary  | Learned a level 2 spell: Passwall
  3214 | Ossuary  | Reached *** piety under Lugonu
  3249 | Ossuary  | Reached XP level 8. HP: 45/50 MP: 0/0
  4871 | D:5      | Entered Level 5 of the Dungeon
  4872 | D:5      | Noticed Edmund
  4953 | D:4      | Killed Edmund
  4954 | D:4      | Reached XP level 9. HP: 51/55 MP: 0/0
  4954 | D:4      | Learned a level 4 spell: Anguish
  5376 | D:5      | Reached **** piety under Lugonu
  5644 | D:5      | Reached skill level 1 in Invocations
  5890 | D:5      | Found Jofuj's Fire Supplies.
  6252 | D:6      | Noticed Pikel
  6260 | D:6      | Killed Pikel
  6261 | D:6      | Reached skill level 5 in Invocations
  6296 | D:6      | Found a staircase to the Ecumenical Temple.
  6857 | D:6      | Reached XP level 10. HP: 59/60 MP: 0/0
  7132 | D:7      | Reached skill level 1 in Fighting
  7565 | D:7      | Reached ***** piety under Lugonu
  8435 | D:8      | Reached skill level 5 in Fighting
 10000 | D:8      | Found a runed translucent door.
 10000 | D:8      | Noticed billz999's ghost (novice GnRe)
 11090 | D:9      | Noticed a wizard
 11172 | D:9      | Found an ornate altar of the Wu Jian Council.
 11745 | D:9      | Noticed a centaur warrior
 11770 | D:9      | Found a bloodstained altar of Trog.
 11928 | D:10     | Entered Level 10 of the Dungeon
 11946 | D:10     | Found a staircase to the Orcish Mines.
 11946 | D:10     | Noticed an orc knight
 11950 | D:10     | Banished an orc knight
 11951 | D:10     | Reached XP level 11. HP: 70/82 MP: 0/0
 11951 | D:10     | Learned a level 4 spell: Passage of Golubria
 12257 | D:10     | Noticed Maggie
 12268 | D:10     | Killed Maggie
 12270 | D:10     | Found Odehueps's Armour Shoppe.
 13115 | D:10     | Noticed a vault guard
 13129 | D:10     | Banished a vault guard
 13573 | D:10     | Found a portal to a secret trove of treasure.
 14121 | D:10     | Reached skill level 1 in Shields
 15350 | D:11     | Noticed a cyclops
 15351 | D:11     | Banished a cyclops
 15375 | D:11     | Reached skill level 5 in Shields
 16903 | D:11     | Noticed a white ugly thing
 16906 | D:11     | Banished a white ugly thing
 16917 | D:11     | Reached XP level 12. HP: 70/89 MP: 0/0
 17239 | D:11     | Reached skill level 1 in Long Blades
 17346 | D:11     | Found a staircase to the Lair.
 18847 | Lair:1   | Entered Level 1 of the Lair of Beasts
 20209 | Lair:1   | Reached skill level 5 in Long Blades
 21366 | Lair:2   | Found a staircase to the Swamp.
 21856 | Lair:2   | Identified the +1 pair of gloves of the Great Game {Will-
                  | Str+7 Dex+2 Stlth+}
 22012 | Lair:3   | Reached skill level 1 in Evocations
 22143 | Lair:3   | Noticed a skyshark
 22144 | Lair:3   | a skyshark changed into a glowing orange brain
 22144 | Lair:3   | Noticed a glowing orange brain
 22166 | Lair:3   | Killed a glowing orange brain
 22797 | Lair:3   | Reached XP level 13. HP: 94/94 MP: 0/0
 22797 | Lair:3   | Learned a level 5 spell: Blade Hands
 22966 | Lair:3   | Noticed a four-headed hydra
 23430 | Lair:3   | Identified a scroll of acquirement
 23430 | Lair:3   | Acquired the +0 helmet of Feecott {rC+}
 23467 | Lair:3   | Banished a four-headed hydra
 23468 | Lair:3   | Reached skill level 5 in Evocations
 24132 | Lair:3   | Found a hole to the Spider Nest.
 24440 | Lair:5   | Entered Level 5 of the Lair of Beasts
 24440 | Lair:5   | Noticed a catoblepas
 25049 | Lair:4   | Corrupted Lair:4
 25049 | Lair:4   | Noticed a lich
 25049 | Lair:4   | Noticed a black draconian
 25049 | Lair:4   | Noticed an eidolon
 25049 | Lair:4   | Noticed a starcursed mass
 25049 | Lair:4   | Noticed a tentacled starspawn
 25050 | Lair:4   | Noticed a great orb of eyes
 26541 | Lair:5   | Reached XP level 14. HP: 58/101 MP: 0/0
 29325 | D:12     | Reached skill level 10 in Fighting
 29787 | D:10     | Bought a +2 ring mail of cold resistance for 252 gold
                  | pieces
 30114 | D:1      | Bought a manual of Invocations for 880 gold pieces
 30311 | Orc:1    | Entered Level 1 of the Orcish Mines
 30314 | Orc:1    | Noticed an orc warlord
 30341 | Orc:1    | Killed an orc warlord
 33465 | Orc:2    | Entered Level 2 of the Orcish Mines
 33741 | Orc:2    | Noticed an orc warlord
 33741 | Orc:2    | Found a staircase to the Elven Halls.
 33742 | Orc:2    | Corrupted Orc:2
 33742 | Orc:2    | Noticed a bone dragon
 33742 | Orc:2    | Noticed a starcursed mass
 33742 | Orc:2    | Found Etozesem's Distillery.
 33743 | Orc:2    | Noticed a lorocyproca
 33743 | Orc:2    | Noticed a tentacled starspawn
 33747 | Orc:2    | Killed an orc warlord
 33759 | Orc:2    | Noticed a tentacled starspawn
 33782 | Orc:2    | Noticed a lich
 34043 | Orc:2    | Bought a potion of heal wounds for 65 gold pieces
 34105 | Orc:2    | Found Offump's Antique Armour Shop.
 34115 | Orc:2    | Bought a glowing ring mail for 161 gold pieces
 34123 | Orc:2    | Found Koissucw's Assorted Antiques.
 35710 | Orc:2    | Reached skill level 10 in Invocations
 36953 | Orc:2    | Found Bisyxkaq's Distillery.
 36953 | Orc:2    | Found Syephyd's Book Shoppe.
 36953 | Orc:2    | Found Miaratocw's Assorted Antiques.
 36955 | Orc:2    | Found Gaimolomupn's Distillery.
 36968 | Orc:2    | Bought a potion of heal wounds for 155 gold pieces
 36968 | Orc:2    | Bought 3 scrolls of poison for 372 gold pieces
 37328 | Orc:1    | Reached skill level 1 in Throwing
 39540 | Lair:5   | Reached skill level 5 in Throwing
 39556 | Lair:5   | Reached skill level 1 in Armour
 40061 | Lair:5   | Reached XP level 15. HP: 96/111 MP: 0/0
 40061 | Lair:5   | Learned a level 6 spell: Starburst
 40601 | Lair:5   | Corrupted Lair:5
 40601 | Lair:5   | Noticed an ancient lich
 40605 | Lair:5   | Noticed a dread lich
 40667 | Lair:5   | Found a viscous altar of Jiyva.
 40669 | Lair:5   | Found a staircase to the Slime Pits.
 43010 | D:3      | Killed Hubris850's ghost
 43242 | D:8      | Killed billz999's ghost
 44155 | D:9      | Found a shimmering altar of Xom.
 44417 | D:9      | Found a runed translucent door.
 44420 | D:9      | Noticed olddryhag's ghost (journeyman DrTm)
 44420 | D:9      | Identified the +3 spear of Generosity {heavy, rElec Dex+4}
 45067 | D:13     | Noticed Kirke
 45076 | D:13     | Killed Kirke
 46033 | D:13     | Acquired 1003 gold pieces
 46192 | Orc:2    | Bought a potion of curing for 39 gold pieces
 46192 | Orc:2    | Bought a potion of curing for 39 gold pieces
 46192 | Orc:2    | Bought 2 potions of heal wounds for 130 gold pieces
 46192 | Orc:2    | Bought a potion of invisibility for 104 gold pieces
 46192 | Orc:2    | Bought a potion of heal wounds for 65 gold pieces
 46192 | Orc:2    | Bought a potion of brilliance for 52 gold pieces
 46192 | Orc:2    | Bought a potion of curing for 39 gold pieces
 46192 | Orc:2    | Bought a potion of lignification for 39 gold pieces
 46194 | Orc:2    | Bought a potion of curing for 51 gold pieces
 46194 | Orc:2    | Bought a potion of cancellation for 136 gold pieces
 46194 | Orc:2    | Bought a potion of might for 68 gold pieces
 46194 | Orc:2    | Bought a potion of haste for 170 gold pieces
 46194 | Orc:2    | Bought a potion of might for 68 gold pieces
 46194 | Orc:2    | Bought a potion of brilliance for 68 gold pieces
 46197 | Orc:2    | Bought a potion of curing for 93 gold pieces
 46256 | Orc:2    | Bought 2 potions of curing for 78 gold pieces
 46256 | Orc:2    | Bought a potion of curing for 39 gold pieces
 46256 | Orc:2    | Bought a potion of curing for 39 gold pieces
 46256 | Orc:2    | Bought a potion of curing for 39 gold pieces
 46381 | D:14     | Noticed Josephine
 46392 | D:13     | Killed Josephine
 48001 | D:13     | Reached skill level 5 in Dodging
 48104 | D:13     | Found a gate to the Vaults.
 50683 | D:14     | Noticed Azrael
 50694 | D:14     | HP: 8/166 [Azrael/+3 scimitar of flaming (2)]
 50698 | D:14     | Slain by Azrael

Illustrated notes

Levels and vault maps discovered:
D:1:      onia_arrival_zoo_common, layout_rooms,
          shapermc_ecumenical_altar_mp_vishouse, nicolae_shop_vocational
D:2:      layout_loops_corners, minmay_increasing_density
D:3:      layout_basic, makhleb_altar_promises_db, old_standard_altar,
          gammafunk_ghost_mausoleum, minmay_cupped
D:4:      layout_loops_cross, mainiacjoe_overflow_chevrons, enter_ossuary_2,
          serial_shops, nicolae_square_shop
D:5:      layout_cave_pools, hangedman_glass_teeth, nicolae_shop_fire_sale
          [nicolae_sub_dead_trees], uniq_edmund
D:6:      layout_basic, temple_fountains, uniq_pikel
D:7:      layout_gridville
D:8:      layout_gridville, gammafunk_ghost_grave
D:9:      layout_rooms, nicolae_overflow_hidden_temple,
          ebering_ghost_funeral_grove, minmay_fractal_squares_gapless_7
D:10:     layout_loops_ring, orc_david_3, enter_trove_5, chequers_avenue,
          uniq_maggie
D:11:     layout_grid_maze, grunt_lair_entry_orc_guard_hut
D:12:     layout_roguey
D:13:     layout_irregular_city, hangedman_vaults_entry_quadrant_bands,
          uniq_kirke
D:14:     layout_small_grid, serial_shops, bzr_firewalk, uniq_josephine,
          uniq_azrael
Lair:1:   layout_loops_ring, infiniplex_staircase_pool_2
Lair:2:   layout_gridlike, swamp_mist, lemuel_fruit_fields,
          infiniplex_staircase_pool
Lair:3:   layout_long_grid, dummy_spider_entry
Lair:4:   layout_big_grid, serial_rivers, chequers_serial_rivers_small_a,
          chequers_serial_rivers_room_b, chequers_serial_rivers_micro_c,
          chequers_serial_rivers_small_3
Lair:5:   grunt_lair_end_beastmaster, layout_hall_layers,
          nicolae_slime_entry_slimehenge, gauntlet_entry_generic,
          kennysheep_rathole
Orc:1:    lemuel_ogre_cave, layout_diamond_mine, nicolae_orc_flooded_monolith
Orc:2:    st_orc_rangers, layout_diamond_mine, serial_shops, nicolae_shop_trees,
          nicolae_diamond_shop, nicolae_diamond_shop, basic_altar

Skill      XL: |  1  2  3  4  5  6  7  8  9 10 11 12 13 14 15 |
---------------+----------------------------------------------+-----
Spellcasting   | 3 4 5 6 8 9 11 12 | 12.3
Invocations    | 7 10 12 | 12.7
Fighting       | 8 9 11 | 11.6
Shields        | 6 8 9 |  9.0
Long Blades    | 6 |  6.1
Evocations     | 2 6 |  6.1
Throwing       | 5 |  5.0
Armour         | 2 4 |  4.0
Dodging        | 7 |  7.5
Stealth        | |  1.5

Action                     |  1- 3 |  4- 6 |  7- 9 | 10-12 | 13-15 || total
---------------------------+-------+-------+-------+-------+-------++-------
  Melee: Hand axe          |       |       |     1 |       |       ||     1
         Spear             |       |       |     9 |       |       ||     9
         Scimitar          |       |       |       |    11 |   139 ||   150
         Unarmed           |       |       |       |       |    10 ||    10
   Fire: Longbow           |       |       |     1 |    60 |       ||    61
  Throw: Dart              |       |       |       |       |    43 ||    43
         Javelin           |       |       |       |       |    59 ||    59
   Cast: Foxfire           |    39 |    38 |    63 |   143 |   165 ||   448
         Scorch            |     5 |    23 |    90 |   143 |   158 ||   419
         Kindle Blastspark |       |     1 |       |     1 |    14 ||    16
         Flame Wave        |       |     1 |     9 |     5 |    35 ||    50
         Anguish           |       |       |     1 |    34 |    33 ||    68
         Inner Flame       |       |       |       |     2 |    11 ||    13
         Freeze            |       |       |       |    15 |     3 ||    18
         Passage of Golubr |       |       |       |     2 |    14 ||    16
         Passwall          |       |       |       |       |     3 ||     3
         Ensorcelled Hiber |       |       |       |       |     1 ||     1
         Starburst         |       |       |       |       |    58 ||    58
         Blade Hands       |       |       |       |       |     1 ||     1
 Invoke: Banish            |       |       |       |    15 |    35 ||    50
         Corrupt           |       |       |       |       |     3 ||     3
  Evoke: Wand              |       |       |       |    14 |    36 ||    50
         Phial of floods   |       |       |       |       |     1 ||     1
    Use: Scroll            |       |       |    18 |    18 |    27 ||    63
         Potion            |       |       |     2 |    11 |    39 ||    52
   Stab: Petrified         |       |       |       |       |     4 ||     4
         Distracted        |       |       |       |       |     1 ||     1
 Armour: Robe              |     1 |       |       |       |    25 ||    26
         Troll leather arm |     3 |    19 |    51 |    19 |       ||    92
         Ring mail         |       |       |       |    46 |    70 ||   116
         Leather armour    |       |       |       |    69 |   198 ||   267
         Skin              |       |       |       |       |     8 ||     8
  Dodge: Dodged            |    24 |    86 |   192 |   283 |   298 ||   883
  Block: Kite shield       |       |       |       |    54 |   449 ||   503

Table legend: (Time is in decaauts)
 A = Elapsed time spent in this place.
 B = Non-inter-level travel time spent in this place.
 C = Inter-level travel time spent in this place.
 D = Time resting spent in this place.
 E = Time spent auto-exploring this place.
 F = Levels seen in this place.
 G = Mean time per level.
                   A        B        C        D        E       F      G
               +--------+--------+--------+--------+--------+-----+--------+
         Total |  50755 |  48076 |   2679 |  29297 |  11364 |  22 | 2307.0 |
       Dungeon |  29897 |  28045 |   1852 |  16994 |   7059 |  14 | 2135.5 |
          Lair |  12123 |  11587 |    536 |   6141 |   3279 |   5 | 2424.6 |
  Orcish Mines |   7342 |   7051 |    291 |   5182 |    897 |   2 | 3671.0 |
       Ossuary |   1392 |   1392 |      0 |    980 |    129 |   1 | 1392.0 |
               +--------+--------+--------+--------+--------+-----+--------+

Top non-repeatable levels by time:
   Orc:1: 5674 daAuts
    D:10: 4491 daAuts
    D:11: 4470 daAuts
    D:13: 4459 daAuts
  Lair:5: 4284 daAuts
  Lair:4: 2939 daAuts
     D:8: 2913 daAuts
    D:12: 2741 daAuts
  Lair:3: 2503 daAuts
     D:9: 2321 daAuts
   Orc:2: 1668 daAuts
  Lair:1: 1540 daAuts
 Ossuary: 1392 daAuts
     D:4: 1262 daAuts
     D:6: 1205 daAuts
